Map: New Repugnancy LE

Players

PeLLy

  • Race: Zerg Zerg
  • League: Diamond
  • Spawn Location: 7:00

Unwished - Winner!

  • Race: Zerg Zerg
  • League: Diamond
  • Spawn Location: 1:00

VOD

Have the link to the VOD?

Description

Time

  • Played on: Aug. 12, 2019, 4:34 p.m.
  • Length: 6:07
Show
View Real Time Build Order
Export as new Build Order

PeLLy Zerg 

Build Orders: Hatch First 

Get SALT Encoding   

  12  0:01  Drone  
  13  0:13  Overlord  
  13  0:18  Drone  
  14  0:31  Drone x2  
  14  0:35  Drone  
  17  0:52  Hatchery  
  17  0:55  Drone  
  17  1:04  Drone  
  18  1:14  Spawning Pool  
  17  1:18  Drone  
  17  1:21  Extractor  
  17  1:22  Drone  
  18  1:30  Drone  
  19  1:39  Overlord  
  19  1:51  Drone  
  20  2:01  Drone  
  21  2:09  Queen x2  
  21  2:11  Drone  
  26  2:21  Drone x2  
  28  2:25  Drone  
  28  2:27  Drone  
  28  2:29  Metabolic Boost  
  30  2:33  Drone  
  31  2:38  Drone  
  32  2:47  Drone x2  
  34  2:58  Overlord  
  34  2:59  Drone  
  35  3:06  Drone  
  35  3:11  Overlord  
  36  3:17  Evolution Chamber  
  35  3:22  Roach Warren  
  35  3:24  Drone  
  35  3:25  Drone x6  
  41  3:29  Drone  
  41  3:33  Hatchery  
  41  3:38  Drone x2  
  43  3:41  Extractor  
  43  3:42  Lair, Extractor  
  43  3:48  Drone  
  42  3:50  Zergling x2  
  43  3:59  Evolution Chamber  
  42  4:04  Roach  
  42  4:05  Roach x4  
  52  4:14  Overlord x2  
  52  4:18  Baneling Nest  
  51  4:28  Queen  
  49  4:38  Roach x6  
  54  4:42  Spine Crawler  
  54  4:44  Spine Crawler  
  48  4:46  Roach  
  48  4:51  Zergling x4  
  41  5:09  Zergling x8  
  41  5:12  Zergling x4  
  33  5:22  Spine Crawler  
  33  5:23  Extractor  
  33  5:24  Zergling x2  
  33  5:25  Zergling x4  
  30  5:31  Baneling  
  30  5:32  Baneling x3  
  29  5:40  Zergling x2  
  29  5:41  Zergling x2  
Show
View Real Time Build Order
Export as new Build Order

Unwished Zerg - Winner!

Build Orders: Hatch First 

Get SALT Encoding   

  12  0:02  Drone  
  13  0:16  Overlord  
  13  0:20  Drone  
  14  0:35  Drone x2  
  16  0:53  Drone  
  16  0:54  Hatchery  
  16  1:01  Drone  
  17  1:08  Extractor  
  16  1:20  Spawning Pool  
  16  1:21  Drone x2  
  17  1:29  Drone  
  18  1:38  Drone  
  19  1:43  Overlord  
  19  2:06  Zergling x2  
  19  2:07  Zergling x2  
  19  2:08  Queen x2  
  21  2:15  Drone x2  
  26  2:21  Metabolic Boost  
  27  2:28  Roach Warren  
  27  2:29  Drone x2  
  28  2:32  Drone  
  29  3:01  Drone  
  29  3:03  Overlord x3  
  30  3:09  Roach x2  
  34  3:15  Overlord  
  34  3:22  Roach  
  34  3:23  Roach x3  
  34  3:25  Roach  
  44  3:28  Zergling x2  
  45  3:37  Zergling x6  
  48  3:47  Zergling x4  
  50  3:53  Zergling x8  
  50  3:54  Zergling x2  
  55  3:56  Zergling x2  
  55  3:57  Zergling x2  
  57  4:05  Zergling x2  
  57  4:07  Roach  
  57  4:09  Overlord  
  60  4:16  Overlord  
  57  4:33  Zergling x6  
  56  4:43  Zergling x12  
  56  4:44  Zergling x2  
  62  4:49  Zergling x2  
  63  4:59  Zergling x4  
  63  5:08  Ravager  
  63  5:11  Roach x2  
  67  5:15  Ravager  
  67  5:20  Roach x2  
  69  5:28  Zergling x4  
  70  5:39  Roach x2  
Tags
 
Add a new tag
Caveats
  • Supply blocks, unpowered buildings, or Contaminate may cause inaccurate times.
  • Supply counts are checked every 10 seconds.